 Dungeon Crawl Stone Soup version 0.30.0 (webtiles) character file.

Game seed: 16810451908166018592

23 Beryl the Chiller (level 2, -2/20 HPs)
             Began as a Demigod Ice Elementalist on May 5, 2023.
             Slain by Sigmund
             ... wielding a +0 scythe
              (7 damage)
             ... on level 2 of the Dungeon.
             The game lasted 00:03:22 (1008 turns).

Beryl the Chiller (Demigod Ice Elementalist)        Turns: 1008, Time: 00:03:22

Health: -2/20      AC:  3    Str:  9    XL:     2   Next: 57%
Magic:  7/7        EV: 12    Int: 17    God:
Gold:   43         SH:  0    Dex: 14    Spells: 4/5 levels left

rFire   . . .        d - +0 dagger
rCold   . . .        (no shield)
rNeg    . . .        a - +0 robe
rPois   .            (no helmet)
rElec   .            c - +0 cloak
rCorr   .            (no gloves)
SInv    .            (no boots)
Will    .....        (no amulet)
Stlth   ++           (no ring)
HPRegen 0.23/turn    (no ring)
MPRegen 0.10/turn

%: no passive effects
@: no status effects
A: high MP 1, forlorn, divine attributes
a: no special abilities


You were on level 2 of the Dungeon.
You visited 1 branch of the dungeon, and saw 2 of its levels.

You collected 43 gold pieces.

Inventory:

Hand Weapons
 d - a +0 dagger (weapon)
Armour
 a - a +0 robe (worn)
 c - a +0 cloak (worn)
Scrolls
 e - a scroll of blinking {unknown}
 h - a scroll of identify {unknown}
 j - a scroll of teleportation {unknown}
 k - 2 scrolls of immolation {unknown}
 l - a scroll of fear {unknown}
Potions
 b - a potion of magic
 f - a potion of lignification {unknown}
 g - a potion of curing {unknown}
 i - 2 potions of mutation {unknown}


   Skills:
 + Level 2.0 Dodging
 + Level 1.7 Stealth
 + Level 2.0 Spellcasting
 + Level 4.1 Ice Magic


You had 4 spell levels left.
You knew the following spells:

 Your Spells              Type           Power      Damage    Failure   Level
a - Freeze                Ice            60%        1d7       3%          1

Your spell library contained the following spells:

 Spells                   Type           Power      Damage    Failure   Level
 Frozen Ramparts          Ice            30%        1d5       11%         3
 Ozocubu's Armour         Ice            15%        N/A       11%         3
 Summon Ice Beast         Ice/Summ       8%         N/A       63%         4


Dungeon Overview and Level Annotations

Branches:
Dungeon (2/15)

Annotations:
D:2 Sigmund


Innate Abilities, Weirdness & Mutations

You have an increased reservoir of magic. (+10% MP)
You shall have no god before yourself.
Your divine heritage dramatically boosts your attributes as you level up.


Message History

You freeze the endoplasm!
You kill the endoplasm!
Found 6 stones.
k - a scroll labelled USYANE TUNOESH
l - a scroll labelled PUEZEUFIAL Done exploring.
Done exploring.
There is an escape hatch in the floor here.
You slide downwards.
The hatch slams shut behind you.
You see here 6 boomerangs.
You now have 43 gold pieces (gained 4).
k - 2 scrolls labelled USYANE TUNOESH (gained 1) Sigmund the Dreaded comes into view.
He is wielding a +0 scythe.
Sigmund shouts!
Sigmund points at you and mumbles some strange words.
You are confused.
You see here a sedimented puce potion.
i - 2 sedimented puce potions (gained 1) You're too confused to move!
Sigmund closely misses you.
You bump into the rock wall.
Sigmund hits you with a +0 scythe.
You're too confused to cast spells.
Sigmund mumbles some strange words.
Sigmund flickers and vanishes!
Deactivating autopickup; reactivate with Ctrl-A.
You're too confused to cast spells.
You feel less confused.
You hear some strange, mumbled words.
You are confused.
You bump into the rock wall.
Something hits you but does no damage.
You bump into the rock wall.
Something hits you.
You're too confused to cast spells.
You're too confused to cast spells.
You miss something. Something hits you!
* * * LOW HITPOINT WARNING * * *
You barely miss something.
You feel less confused.
You barely miss something. Something hits you!
You die...

#.# #.# #.# . .
#.# ....
###.########.....
#................
#.#.##....##.....
# #.#....{.......
#######
#.#....@#....
#.....# #.#.....#
### #....(#
#.#.##### #.....#
#.#. #.....# #.#.
#.....# #.#.
#.....# #.#
#.....# #.#
......+ #.#


There were no monsters in sight!

Vanquished Creatures
  A dart slug (D:1)
  An endoplasm (D:1)
  2 giant cockroaches (D:1)
  2 goblins (D:1)
  3 hobgoblins (D:1)
  2 jackals (D:1)
  A kobold (D:1)
  3 ball pythons (D:1)
  3 bats (D:1)
  A rat (D:1)
19 creatures vanquished.

Notes
Turn   | Place    | Note
-------+----------+-------------------------------------------
     0 | D:1      | Beryl the Demigod Ice Elementalist began the quest for the
                  | Orb.
     0 | D:1      | Reached XP level 1. HP: 14/14 MP: 5/5
   348 | D:1      | Reached XP level 2. HP: 14/20 MP: 2/7
   404 | D:1      | Reached skill level 4 in Ice Magic
   991 | D:2      | Noticed Sigmund
  1008 | D:2      | Slain by Sigmund

Illustrated notes

Levels and vault maps discovered:
D:1:      dpeg_arrival_more_subterranean_lakeside_camping, layout_loops_ring,
          basic_ecumenical_altar, minmay_misc_feat_rugged
D:2:      layout_basic, uniq_sigmund

Skill      XL: |  1  2 |
---------------+-------+-----
Spellcasting   | 2 |  2.0
Ice Magic      | 4 |  4.1
Dodging        | 2 |  2.0
Stealth        | |  1.7

Action                     || total
---------------------------++-------
  Melee: Dagger            ||     4
   Cast: Freeze            ||    29
 Armour: Robe              ||     6
  Dodge: Dodged            ||    21
